Map: [ESL] Moondance

Players

SKillous - Winner!

  • Race: Protoss Protoss
  • Spawn Location: 6:00

AqueroN

  • Race: Terran Terran
  • Spawn Location: 12:00

Event: DreamHack SC2 Masters 2022 Atlanta (Online)

VOD

Have the link to the VOD?

Description

Time

  • Played on: Oct. 4, 2022, 2:24 p.m.
  • Length: 5:40

All games in this series

Show
View Real Time Build Order
Export as new Build Order

SKillous Protoss - Winner!

Build Orders: 1 Gate Expand, Blink Stalkers 

Get SALT Encoding   

  12  0:00  Probe  
  13  0:12  Probe  
  14  0:17  Pylon  
  14  0:24  Probe  
  15  0:37  Probe (Chrono Boost)  
  15  0:38  Gateway  
  16  0:46  Probe (Chrono Boost), Assimilator  
  17  0:51  Probe (Chrono Boost)  
  18  1:03  Probe  
  19  1:15  Probe  
  20  1:25  Cybernetics Core  
  20  1:34  Nexus  
  20  1:41  Pylon  
  20  1:44  Probe  
  21  1:52  Assimilator  
  21  1:58  Adept (Chrono Boost), Probe  
  22  2:02  Warp Gate  
  24  2:10  Probe  
  25  2:21  Adept  
  25  2:22  Probe  
  28  2:27  Twilight Council  
  28  2:34  Probe  
  29  2:46  Probe (Chrono Boost)  
  31  2:51  Stalker  
  31  2:52  Probe (Chrono Boost)  
  34  2:58  Blink (Chrono Boost)  
  34  2:59  Gateway  
  34  3:01  Probe  
  34  3:09  Probe  
  35  3:16  Probe  
  35  3:19  Shield Battery  
  36  3:22  Probe  
  37  3:30  Robotics Facility  
  37  3:33  Probe  
  38  3:37  Probe  
  39  3:44  Gateway  
  39  3:45  Probe  
  40  3:51  Stalker  
  40  3:54  Stalker  
  44  3:55  Probe  
  44  3:59  Pylon  
  45  4:08  Gateway  
  46  4:22  Stalker  
  50  4:27  Stalker  
  39  4:40  Stalker  
  39  4:44  Pylon  
  32  4:46  Stalker  
  32  4:51  Pylon  
  32  4:52  Stalker  
  34  4:55  Gateway  
  34  5:07  Stalker  
  34  5:10  Stalker  
  34  5:12  Probe  
  33  5:33  Stalker x2  
Show
View Real Time Build Order
Export as new Build Order

AqueroN Terran 

Build Orders: 1/1/1, Cyclone Opening 

Get SALT Encoding   

  12  0:00  SCV  
  13  0:12  SCV  
  14  0:17  Supply Depot  
  14  0:24  SCV  
  15  0:38  SCV  
  15  0:39  Barracks  
  16  0:44  Refinery  
  16  0:50  SCV  
  16  0:52  Refinery  
  17  1:02  SCV  
  17  1:04  Supply Depot  
  18  1:14  SCV  
  19  1:26  Reaper  
  19  1:27  Orbital Command  
  20  1:41  Factory  
  20  1:51  Barracks  
  20  1:55  SCV  
  20  1:59  Barracks Reactor  
  21  2:07  SCV  
  22  2:19  SCV  
  23  2:24  Factory Tech Lab  
  23  2:26  Starport  
  23  2:28  Supply Depot  
  23  2:32  SCV  
  23  2:36  Marine x2  
  26  2:39  Marine  
  27  2:44  Cyclone  
  27  2:51  Supply Depot  
  30  2:54  Marine  
  30  2:56  Marine  
  30  2:58  Marine  
  34  3:12  Marine  
  34  3:14  Medivac, Marine  
  37  3:20  Marine  
  37  3:21  Supply Depot  
  38  3:27  Siege Tank  
  38  3:29  Marine  
  38  3:32  Marine  
  43  3:38  Marine  
  44  3:47  Marine  
  45  3:48  Viking  
  45  3:49  Marine  
  48  3:56  Marine  
  49  4:05  Marine  
  49  4:07  Siege Tank  
  53  4:14  Supply Depot  
  53  4:18  Marine x2  
  55  4:29  Marine  
  54  4:36  Marine  
  47  4:39  Marine  
  41  4:47  Marine  
  41  4:52  Bunker  
  42  4:54  Marine  
  42  4:57  Marine  
  41  5:02  Siege Tank  
  41  5:05  Marine  
  42  5:11  Marine  
  41  5:15  Marine  
Tags
 
Add a new tag
Caveats
  • Supply blocks, unpowered buildings, or Contaminate may cause inaccurate times.
  • Supply counts are checked every 10 seconds.